 Dungeon Crawl Stone Soup version 0.30-a0-377-g5cb311bc9f (webtiles) character file.

Game seed: 10225892617476768555

479 bande the Chopper (level 7, -12/44 HPs)
             Began as a Gargoyle Fighter on Nov 30, 2022.
             Mangled by an ogre
             ... wielding a +0 giant club
              (16 damage)
             ... on level 4 of the Dungeon.
             The game lasted 00:07:13 (2999 turns).

bande the Chopper (Gargoyle Fighter)                Turns: 2999, Time: 00:07:14

Health: -12/44     AC: 20    Str: 20    XL:     7   Next: 11%
Magic:  0/7        EV:  7    Int:  8    God:
Gold:   340        SH:  5    Dex: 17    Spells: 6/6 levels left

rFire   . . .      SeeInvis .    a - +1 war axe
rCold   . . .      Faith    .    c - +0 buckler
rNeg    + . .      Spirit   +    k - +0 chain mail
rPois   ∞          Reflect  .    q - +0 helmet
rElec   +          Harm     .    (no cloak)
rCorr   .          Rampage  .    e - +0 pair of gloves
Will    .....                    t - +2 pair of boots
Stlth   ..........               p - amulet of guardian spirit
HPRegen 0.27/turn                i - +6 ring of dexterity
MPRegen 0.10/turn                (no ring)

@: no status effects
A: sickness immunity, AC +4, negative energy resistance 1, electricity
resistance, torment resistance 1, petrification resistance
a: no special abilities


You were on level 4 of the Dungeon.
You visited 1 branch of the dungeon, and saw 4 of its levels.

You collected 340 gold pieces.

Inventory:

Hand Weapons
 a - a +1 war axe (weapon)
 s - a +0 war axe
Armour
 c - a +0 buckler (worn)
 e - a +0 pair of gloves (worn)
 k - a +0 chain mail (worn)
 q - a +0 helmet (worn)
 t - a +2 pair of boots (worn)
Jewellery
 i - a +6 ring of dexterity (left hand)
 p - an amulet of guardian spirit (around neck)
Wands
 d - a wand of flame (13)
 m - a wand of roots (12)
Scrolls
 g - a scroll of teleportation
Potions
 b - a potion of flight {unknown}
 f - a potion of attraction {unknown}
 h - 3 potions of curing
 j - 2 potions of haste {unknown}
 l - a potion of cancellation {unknown}
 n - a potion of might
 o - 2 potions of mutation {unknown}
 r - 2 potions of berserk rage {unknown}
 u - a potion of brilliance {unknown}


   Skills:
 + Level 4.4 Fighting
 + Level 4.6 Axes
 + Level 4.4 Armour
 + Level 4.1 Shields
 * Level 2.2 Evocations


You had 6 spell levels left.
You didn't know any spells.
Your spell library contained the following spells:

 Spells                   Type           Power      Damage    Failure   Level
 Blink                    Tloc           0%         N/A       100%        2
 Ensorcelled Hibernation  Hex/Ice        0%         N/A       100%        2
 Passwall                 Tmut/Erth      0%         N/A       100%        2
 Static Discharge         Conj/Air       0%         2-2/arc   100%        2
 Summon Guardian Golem    Hex/Summ       0%         N/A       100%        3
 Swiftness                Air            0%         N/A       100%        3
 Vhi's Electric Charge    Tloc/Air       0%         N/A       100%        3
 Manifold Assault         Tloc           0%         N/A       100%        4
 Arcjolt                  Conj/Air       0%         1d10      100%        5
 Lightning Bolt           Conj/Air       0%         1d11      100%        5
 Orb of Destruction       Conj           0%         9d5       100%        7
 Spellforged Servitor     Conj/Summ      0%         N/A       100%        7
 Storm Form               Tmut/Air       0%         N/A       100%        7


Dungeon Overview and Level Annotations

Branches:
Dungeon (4/15)
 Temple: D:4-7

Altars:
Elyvilon


Innate Abilities, Weirdness & Mutations

You are immune to sickness and miasma.
Your stone body is resilient. (AC +4)
You are immune to poison.
You resist negative energy. (rN+)
You are resistant to electric shocks. (rElec)
You are resistant to unholy torment.
You are immune to petrification.


Message History

You hit the hobgoblin.
The hobgoblin is moderately wounded.
The hobgoblin hits you but does no damage. x2
You barely miss the hobgoblin.
The hobgoblin is moderately wounded.
You block the hobgoblin's attack.
You closely miss the hobgoblin.
The hobgoblin is moderately wounded.
The hobgoblin barely misses you.
You barely miss the hobgoblin.
The hobgoblin is moderately wounded.
The hobgoblin hits you.
You slash the hobgoblin!
You kill the hobgoblin!
The ogre barely misses you.
You hit the ogre.
The ogre is lightly wounded.
The ogre hits you with a +0 giant club!
You slash the ogre!
The ogre is moderately wounded.
You barely miss the ogre.
The ogre is moderately wounded.
The ogre hits you with a +0 giant club.
You hit the ogre.
The ogre is heavily wounded.
The ogre hits you with a +0 giant club!
You barely miss the ogre.
The ogre is heavily wounded.
The ogre hits you with a +0 giant club!!
* * * LOW HITPOINT WARNING * * *
You slash the ogre!
The ogre is almost dead.
The ogre barely misses you.
You hit the ogre but do no damage.
The ogre is almost dead.
The ogre hits you but does no damage.
You barely miss the ogre.
The ogre is almost dead.
The ogre hits you with a +0 giant club!
You die...

### ###### ##.##
...... #...#
......# ##.#.##
....... ##.....##
.#$$#..##..#†#..#
.$##$..O@.......#
.#$$#..#####'####
.......#.....#
......##.....##
......#..#.#..#
########...#...#
+......'..#.#..#
####'####.....##
##....##...##


You could see an ogre.

Vanquished Creatures
  Sigmund (D:2)
  A jelly (D:4)
  An iguana (D:4)
  Ijyb (D:4)
  Robin (D:3)
  4 gnolls
  6 adders
  An ufetubus (D:4)
  A worm (D:2)
  3 dart slugs
  3 orcs (D:3)
  12 ball pythons
  7 endoplasms
  8 giant cockroaches
  16 goblins
  9 hobgoblins
  9 jackals
  7 kobolds
  3 quokkas
  8 frilled lizards
  3 rats
105 creatures vanquished.

Vanquished Creatures (others)
  4 plants (D:1)
  4 toadstools (D:1)
8 creatures vanquished.

Grand Total: 113 creatures vanquished

Notes
Turn   | Place    | Note
-------+----------+-------------------------------------------
     0 | D:1      | bande the Gargoyle Fighter began the quest for the Orb.
     0 | D:1      | Reached XP level 1. HP: 14/14 MP: 1/1
    48 | D:1      | Reached XP level 2. HP: 12/19 MP: 2/2
   256 | D:1      | Reached XP level 3. HP: 22/23 MP: 3/3
  1069 | D:2      | Reached XP level 4. HP: 28/29 MP: 4/4
  1147 | D:2      | Noticed Sigmund
  1171 | D:2      | Killed Sigmund
  1172 | D:2      | Reached skill level 1 in Evocations
  1172 | D:2      | Reached XP level 5. HP: 11/33 MP: 5/5
  1172 | D:2      | Reached XP level 6. HP: 13/38 MP: 6/6
  1855 | D:3      | Found a white marble altar of Elyvilon.
  2263 | D:3      | Noticed Robin
  2281 | D:3      | Killed Robin
  2811 | D:4      | Noticed Ijyb
  2822 | D:4      | Killed Ijyb
  2899 | D:4      | Reached XP level 7. HP: 37/44 MP: 4/7
  2999 | D:4      | Mangled by an ogre

Illustrated notes

Levels and vault maps discovered:
D:1:      ldierk_walled_garden_2, layout_basic
D:2:      layout_loops_ring, uniq_sigmund
D:3:      kennysheep_goblin_castle, layout_loops_corners,
          mainiacjoe_overflow_24_doors, fountainhead, hangedman_decor_opposing,
          minmay_misc_feat_rows, bh_walls_and_bars
D:4:      minmay_polygon_palace, layout_basic, general_overflow_altar, uniq_ijyb

Skill      XL: |  1  2  3  4  5  6 |
---------------+-------------------+-----
Axes           | 2 3 4 |  4.6
Fighting       | 4 |  4.4
Armour         | 4 |  4.4
Shields        | 4 |  4.1
Evocations     | 1 2 |  2.2

Action                   |  1- 3 |  4- 6 |  7- 9 || total
-------------------------+-------+-------+-------++-------
Melee: War axe           |   113 |   164 |    32 ||   309
  Use: Scroll            |     1 |     5 |       ||     6
       Potion            |       |     1 |       ||     1
Armor: Scale mail        |    48 |       |       ||    48
       Chain mail        |    15 |   121 |    15 ||   151
Dodge: Dodged            |    64 |    71 |    10 ||   145
Block: Buckler           |    27 |    47 |     8 ||    82

Table legend: (Time is in decaauts)
 A = Elapsed time spent in this place.
 B = Non-inter-level travel time spent in this place.
 C = Inter-level travel time spent in this place.
 D = Time resting spent in this place.
 E = Time spent auto-exploring this place.
 F = Levels seen in this place.
 G = Mean time per level.
                   A        B        C        D        E       F      G
               +--------+--------+--------+--------+--------+-----+--------+
         Total |   3111 |   2903 |    208 |    139 |   1969 |   4 |  777.8 |
       Dungeon |   3111 |   2903 |    208 |    139 |   1969 |   4 |  777.8 |
               +--------+--------+--------+--------+--------+-----+--------+

Top non-repeatable levels by time:
     D:3: 1190 daAuts
     D:1: 935 daAuts
     D:2: 734 daAuts
     D:4: 251 daAuts
